 Dungeon Crawl Stone Soup version 0.27-a0-223-ge082b6e869 (webtiles) character file.

Game seed: 1389469013874174662

74 lunkers the Digger (level 4, 0/24 HPs)
             Began as a Kobold Earth Elementalist on Feb 1, 2021.
             Slain by a shadow imp (3 damage)
             ... summoned by Natasha
             ... on level 2 of the Dungeon.
             The game lasted 00:01:56 (1820 turns).

lunkers the Digger (Kobold Earth Elementalist)      Turns: 1820, Time: 00:01:56

Health: 0/24       AC:  2    Str:  5    XL:     4   Next: 54%
Magic:  7/8        EV: 15    Int: 17    God:
Gold:   84         SH:  0    Dex: 15    Spells: 8/9 levels left

rFire    . . .     SeeInvis .   i - +0 hand axe (curse)
rCold    . . .     Faith    .   (shield restricted)
rNeg     . . .     Spirit   .   c - +0 robe
rPois    .         Reflect  .   (no helmet)
rElec    .         Harm     .   (no cloak)
rCorr    .         Rampage  .   (no gloves)
Will     .....                  (no boots)
Stlth    +++.......             (no amulet)
HPRegen  0.08/turn              (no ring)
MPRegen  0.11/turn              (no ring)

@: slowed, very slow
A: small, nightstalker 3
a: no special abilities


You were on level 2 of the Dungeon.
You visited 1 branch of the dungeon, and saw 2 of its levels.

You collected 84 gold pieces.

Inventory:

Hand Weapons
 f - a +0 short sword
 i - a cursed +0 hand axe (weapon)
Armour
 c - a +0 robe (worn)
Jewellery
 j - an uncursed amulet of the acrobat {unknown}
Scrolls
 a - a scroll of fog {unknown}
 e - 2 scrolls of teleportation {unknown}
 g - 3 scrolls of identify {unknown}
 h - a scroll of blinking {unknown}
 l - a scroll of fear {unknown}
 m - a scroll of magic mapping {unknown}
Potions
 d - a potion of might {unknown}
 k - a potion of invisibility {unknown}


   Skills:
 - Level 2.4 Dodging
 - Level 2.6 Stealth
 + Level 3.1 Spellcasting
 - Level 1.0 Transmutations
 * Level 4.4 Earth Magic


You had 8 spell levels left.
You knew the following spells:

 Your Spells              Type           Power        Failure   Level
a - Sandblast             Erth           34%          2%          1

Your spell library contained the following spells:

 Spells                   Type           Power        Failure   Level
 Passwall                 Tmut/Erth      9%           9%          2
 Stone Arrow              Conj/Erth      20%          21%         3
 Petrify                  Tmut/Erth      11%          50%         4
 Lee's Rapid Deconstruct  Erth           8%           58%         5


Dungeon Overview and Level Annotations

Branches:
Dungeon (2/15)

Altars:

Annotations:
D:2 Natasha


Innate Abilities, Weirdness & Mutations

You are small and have problems with some larger weapons.
You are completely attuned to the shadows.


Message History

You hit the shadow imp. The shadow imp closely misses you.
Natasha barely misses you.
The shadow imp picks up a beetle and eats it.
The shadow imp completely misses you. Natasha claws you!
* * * LOW HITPOINT WARNING * * *
You closely miss Natasha.
Natasha is almost dead.
You barely miss the shadow imp. The shadow imp hits you.
* * * LOW HITPOINT WARNING * * *
Natasha misses you.
The shadow imp disappears for a moment.
The shadow imp closely misses you.
Natasha mumbles some strange words.
You feel troubled. Natasha closely misses you.
You closely miss Natasha.
Natasha is almost dead.
You hit the shadow imp but do no damage.
The shadow imp hits you.
You die...

###. ..#. #
#...(## #
.#..#5h# #
#
......@#.##
#
...........
#
#......#.##
#
#......#.#
#.........
##.........
...........
..........#
..[..[##...


You could see Natasha and a shadow imp (summoned).

Vanquished Creatures
  An adder (D:2)
  3 oozes
  2 dart slugs
  4 leopard geckos
  5 bats
  2 giant cockroaches (D:1)
  6 goblins
  6 hobgoblins
  3 jackals (D:1)
  2 ball pythons (D:1)
  5 kobolds
  4 rats (D:1)
43 creatures vanquished.

Notes
Turn   | Place    | Note
-------+----------+-------------------------------------------
     0 | D:1      | lunkers the Kobold Earth Elementalist began the quest for
                  | the Orb.
     0 | D:1      | Reached XP level 1. HP: 10/10 MP: 3/3
   119 | D:1      | Reached XP level 2. HP: 9/15 MP: 0/5
   408 | D:1      | Reached XP level 3. HP: 18/19 MP: 0/6
   877 | D:1      | Reached skill level 4 in Earth Magic
  1464 | D:2      | Found a faded altar of an unknown god.
  1467 | D:2      | Reached XP level 4. HP: 24/24 MP: 5/8
  1809 | D:2      | Noticed Natasha
  1820 | D:2      | Slain by a shadow imp

Illustrated notes

Levels and vault maps discovered:
D:1:      dpeg_arrival_windows_large_door, layout_loops_ring,
          minmay_shallow_snake_nest
D:2:      layout_rooms, chequers_ecumenical_altar_twisty, uniq_natasha

Skill      XL: |  1  2  3  4 |
---------------+-------------+-----
Earth Magic    | 4 |  4.4
Spellcasting   | 3 |  3.1
Dodging        | |  2.4
Stealth        | |  2.6
Transmutations | |  1.0

Action                   |  1- 3 |  4- 6 || total
-------------------------+-------+-------++-------
Melee: Unarmed           |     7 |       ||     7
       Hand axe          |       |     8 ||     8
 Cast: Sandblast         |    47 |    17 ||    64
Armor: Robe              |     2 |       ||     2
Dodge: Dodged            |    12 |    14 ||    26

Table legend: (Time is in decaauts)
 A = Elapsed time spent in this place.
 B = Non-inter-level travel time spent in this place.
 C = Inter-level travel time spent in this place.
 D = Time resting spent in this place.
 E = Time spent auto-exploring this place.
 F = Levels seen in this place.
 G = Mean time per level.
                   A        B        C        D        E       F      G
               +--------+--------+--------+--------+--------+-----+--------+
         Total |   1822 |   1728 |     94 |      0 |   1511 |   2 |  911.0 |
       Dungeon |   1822 |   1728 |     94 |      0 |   1511 |   2 |  911.0 |
               +--------+--------+--------+--------+--------+-----+--------+

Top non-repeatable levels by time:
     D:1: 1397 daAuts
     D:2: 425 daAuts
